 Dungeon Crawl Stone Soup version 0.28-a0-1236-gb25a51b929 (webtiles) character file.

Game seed: 14497211606402120973

264508 browni3141 the Imperceptible (level 20, 0/144 HPs)
             Began as a Kobold Artificer on Dec 25, 2021.
             Was the Champion of Wu Jian.
             Slain by an azure jelly (24 damage)
             ... on level 5 of the Pits of Slime.
             The game lasted 02:04:07 (42987 turns).

browni3141 the Imperceptible (Kobold Artificer)    Turns: 42987, Time: 02:04:08

Health: 0/144      AC: 15    Str:  6 (7)  XL:     20   Next: 87%
Magic:  18/20      EV: 36    Int: 26 (27) God:    Wu Jian [******]
Gold:   1142       SH: 11    Dex: 28      Spells: 7/19 levels left

rFire   + . .      SeeInvis +   a - +9 quick blade (chaos)
rCold   . . .      Faith    .   v - +3 buckler {reflect}
rNeg    . . .      Spirit   .   w - +4 robe of Folly {Brilliance Will-∞ Int+8}
rPois   .          Reflect  +   m - +2 helmet
rElec   .          Harm     .   Y - +2 cloak {Stlth+}
rCorr   .          Rampage  .   o - +0 pair of gloves
Will    .....                   P - +1 pair of boots Stlth **++++++++
                                V - amulet of Vitality {Regen+ HP+15}
HPRegen 1.14/turn               F - ring of Inlaec {rF+ Str-4 Int+6 Dex+6 Stlth+}
MPRegen 0.17/turn               B - ring of see invisible

@: engulfed (cannot breathe)
A: small, no large weapons, nightstalker 3, deterioration 1
}: 2/15 runes: serpentine, barnacled
a: Renounce Religion, Wall Jump, Serpent's Lash, Heavenly Storm


You were on level 5 of the Pits of Slime.
You worshipped Wu Jian.
Wu Jian was exalted by your worship.
You visited 7 branches of the dungeon, and saw 34 of its levels.
You also visited: Sewer.

You collected 2932 gold pieces.
You spent 1790 gold pieces at shops.

Inventory:

Hand Weapons
 a - a +9 quick blade of chaos (weapon)
 b - a +0 short sword of venom
Missiles
 l - 8 throwing nets
 U - 5 datura-tipped darts
Armour
 m - a +2 helmet (worn)
 o - a +0 pair of gloves (worn)
 v - a +3 buckler of reflection (worn)
 w - the +4 robe of Folly (worn) {Brilliance Will-∞ Int+8}
   (You took it off a centaur on level 11 of the Dungeon)

   It increases the power of your magical spells.
   It halves the magic cost of your spells (rounding up).
   It reduces your willpower to zero.
   Int:       It affects your intelligence (+8).
 J - a +1 ring mail of fire resistance
 P - a +1 pair of boots (worn)
 Y - a +2 cloak of stealth (worn)
Jewellery
 i - a ring of protection from fire
 B - a ring of see invisible (right hand)
 F - the ring of Inlaec (left hand) {rF+ Str-4 Int+6 Dex+6 Stlth+}
   (You took it off a centaur warrior on level 11 of the Dungeon)

   [ring of intelligence]

   Str:       It affects your strength (-4).
   Int:       It affects your intelligence (+6).
   Dex:       It affects your dexterity (+6).
   rF:        It protects you from fire.
   Stlth:     It makes you more stealthy.
 L - the ring "Posuqupn" {rElec Will+ Str+3 Slay+4}
   (You bought it in a shop on level 8 of the Dungeon)

   [ring of slaying]

   Str:       It affects your strength (+3).
   Slay:      It affects your accuracy & damage with ranged weapons and melee
   (+4).
   rElec:     It insulates you from electricity.
   Will:      It increases your willpower.
 V - the amulet of Vitality (around neck) {Regen+ HP+15}
   (You found it on level 4 of the Lair of Beasts)

   [amulet of regeneration]

   HP:        It affects your health (+15).
   Regen:     It increases your rate of health regeneration.
Wands
 d - a wand of charming (10)
 q - a wand of paralysis (8)
 y - a wand of polymorph (13)
 z - a wand of mindburst (15)
 D - a wand of digging (9)
 K - a wand of flame (29)
Scrolls
 g - 3 scrolls of immolation
 h - a scroll of fog
 k - 4 scrolls of torment
 n - 5 scrolls of enchant weapon
 s - 5 scrolls of fear
 u - 2 scrolls of vulnerability
 A - 4 scrolls of holy word
 H - 4 scrolls of magic mapping
 O - 7 scrolls of teleportation
 S - 2 scrolls of amnesia
Potions
 c - 4 potions of flight
 f - 9 potions of mutation
 j - 6 potions of degeneration
 p - 7 potions of brilliance
 t - 2 potions of attraction
 x - 3 potions of might
 C - 2 potions of curing
 E - a potion of heal wounds
 I - 2 potions of berserk rage
 M - 6 potions of resistance
 N - a potion of haste
 R - 2 potions of ambrosia
 W - 3 potions of magic
 X - 6 potions of lignification
Miscellaneous
 e - a piece from Xom's chessboard (15/15)
 T - a tin of tremorstones (1/2)
 Z - a lightning rod (inert)


   Skills:
 * Level 15.0 Fighting
 - Level 18.0 Short Blades
 - Level 0.7 Armour
 + Level 18.5 Dodging
 + Level 23.5 Stealth
 - Level 5.6 Shields
 * Level 8.5 Hexes
 - Level 5.0 Translocations
 - Level 5.0 Ice Magic
 - Level 20.0 Evocations


You had 7 spell levels left.
You knew the following spells:

 Your Spells              Type           Power      Damage    Failure   Level
a - Ensorcelled Hibernat  Hex/Ice        100%       N/A       1%          2
b - Petrify               Tmut/Erth      0%         N/A       77%         4
c - Slow                  Hex            100%       N/A       1%          1
d - Confusing Touch       Hex            61%        N/A       1%          3
e - Blink                 Tloc           78%        N/A       2%          2

Your spell library contained the following spells:

 Spells                   Type           Power      Damage    Failure   Level
 Cause Fear               Hex            30%        N/A       3%          4
 Frozen Ramparts          Ice            78%        1d9       4%          3
 Gell's Gravitas          Tloc           39%        N/A       4%          3
 Ozocubu's Armour         Ice            39%        N/A       4%          3
 Teleport Other           Tloc           39%        N/A       4%          3
 Dazzling Flash           Conj/Hex       66%        N/A       7%          3
 Inner Flame              Hex/Fire       33%        N/A       7%          3
 Summon Guardian Golem    Hex/Summ       33%        N/A       7%          3
 Sting                    Tmut/Pois      0%         1d3       13%         1
 Summon Small Mammal      Summ           0%         N/A       13%         1
 Corpse Rot               Necr/Air       0%         N/A       19%         2
 Passwall                 Tmut/Erth      0%         N/A       19%         2
 Leda's Liquefaction      Hex/Erth       16%        N/A       22%         4
 Metabolic Englaciation   Hex/Ice        26%        N/A       22%         5
 Spider Form              Tmut/Pois      0%         N/A       36%         3
 Swiftness                Air            0%         N/A       36%         3
 Vampiric Draining        Necr           0%         2d6       36%         3
 Hailstorm                Conj/Ice       19%        3d6       41%         4
 Ice Form                 Ice/Tmut       19%        N/A       41%         4
 Summon Ice Beast         Ice/Summ       19%        N/A       41%         4
 Dispel Undead            Necr           0%         3d6       77%         4
 Summon Lightning Spire   Summ/Air       0%         N/A       77%         4
 Summon Forest            Summ/Tloc      9%         N/A       77%         5
 Dispersal                Tloc           19%        N/A       94%         6
 Fireball                 Conj/Fire      0%         3d3       98%         5
 Iskenderun's Battlesphe  Conj           0%         2d6       98%         5
 Lee's Rapid Deconstruct  Erth           0%         3d5*      98%         5
 Conjure Ball Lightning   Conj/Air       0%         3x3d6     100%        6
 Death Channel            Necr           0%         N/A       100%        6
 Eringya's Noxious Bog    Tmut/Pois      0%         N/A       100%        6
 Simulacrum               Ice/Necr       9%         N/A       100%        6
 Statue Form              Tmut/Erth      0%         N/A       100%        6
 Orb of Destruction       Conj           0%         N/A       100%        7
 Spellforged Servitor     Conj/Summ      0%         N/A       100%        7
 Summon Hydra             Summ           0%         N/A       100%        7
 Discord                  Hex            30%        N/A       100%        8
 Ignition                 Fire           0%         3d3       100%        8
 Summon Horrible Things   Summ           0%         N/A       100%        8


Dungeon Overview and Level Annotations

Branches:
Dungeon (12/15)            Temple (1/1) D:6            Lair (6/6) D:11
 Shoals (4/4) Lair:4        Snake (4/4) Lair:4        Slime (5/5) Lair:6
    Orc (2/2) D:10            Elf (0/3) Orc:2         Sewer (visited)

Altars:
Ashenzari
Cheibriados
Dithmenos
Elyvilon
Fedhas
Gozag
Hepliaklqana
Kikubaaqudgha
Nemelex Xobeh
Okawaru
Qazlal
Ru
Sif Muna
Trog
Uskayaw
Vehumet
Wu Jian
Xom
Yredelemnul
Zin
Beogh
Jiyva

Shops:
D:1 [!   D:8 *   Orc:2 *?=[   Shoals:3 *:   Snake:1 *   Snake:3 (=

Portals:
Pandemonium: Orc:2

Annotations:
D:7 Joseph, Maggie
D:9 Erolcha
Shoals:4 exclusions: merfolk, tengu conjurer and tengu warrior


Innate Abilities, Weirdness & Mutations

You are small and have problems with some larger weapons.
You are completely attuned to the shadows.
Your body sometimes deteriorates upon taking damage.


Message History

You are no longer corroded.
Unknown command.
Unknown command.
An azure jelly comes into view.
You feel less exhausted. The azure jelly completely misses you.
The azure jelly hits you but does no damage.
You block the azure jelly's attack.
The azure jelly hits you but does no damage.
An azure jelly comes into view.
The azure jelly moves out of view.
The quicksilver ooze completely misses you. x2
You block the azure jelly's attack. The azure jelly closely misses you.
The azure jelly completely misses you. x2
You block the quicksilver ooze's attack.
The quicksilver ooze hits you!
* * * LOW HITPOINT WARNING * * *
You feel your power leaking away.
The azure jelly quivers.
You spin and attack the quicksilver ooze repeatedly.
You miss the quicksilver ooze.
The quicksilver ooze is severely wounded.
You hit the quicksilver ooze.
You feel better.
The quicksilver ooze is severely wounded.
You hit the quicksilver ooze. You freeze the quicksilver ooze.
The quicksilver ooze is almost dead.
The quicksilver ooze closely misses you.
The quicksilver ooze completely misses you.
The quicksilver ooze hits you!
* * * LOW HITPOINT WARNING * * *
The quicksilver ooze engulfs you!
The quicksilver ooze completely misses you.
There is a stone staircase leading up here.
* * * LOW HITPOINT WARNING * * *
Your lungs strain for air!
The azure jelly hits you but does no damage.
The azure jelly hits you.
* * * LOW HITPOINT WARNING * * *
The azure jelly freezes you!!
You die...

... #####....
#........
.#...........
....@.J......
....JJ.......
......J.......
...............
...............#
...............#
.............#
...........##
(!|(.
...........#
#[$.)


You could see 3 azure jellies and a quicksilver ooze.

Vanquished Creatures
  the Royal Jelly (Slime:5)
  Mara (Snake:4)
  Mlioglotl (Shoals:3)
  7 acid blobs
  Roxanne (Snake:3)
  Donald (Snake:1)
  A storm dragon (D:11)
  Ilsuiw (Shoals:2)
  7 nagarajas
  5 azure jellies
  A frost giant (Shoals:3)
  10 rockslimes
  Aizul (Snake:4)
  A quicksilver ooze (Slime:3)
  An ettin (Orc:2)
  Josephine (Orc:2)
  10 merfolk impalers
  3 merfolk javelineers
  Harold (D:9)
  3 great orbs of eyes (Slime:5)
  A hydra (shapeshifter) (Lair:1)
  19 naga warriors
  2 salamander tyrants
  3 boulder beetles (D:11)
  Erica (Lair:2)
  2 centaur warriors (D:11)
  9 hydras
  20 anacondas
  3 merfolk avatars
  2 demonspawn (Orc:2)
  A death knight (D:11)
  4 merfolk aquamancers (Shoals:4)
  2 catoblepae (Lair:3)
  4 two-headed ogres
  6 shock serpents
  7 orc high priests (Orc:2)
  A sun demon (Orc:2)
  20 naga sharpshooters
  Nergalle (Lair:2)
  A goliath frog (shapeshifter) (Shoals:1)
  5 salamander mystics
  A sixfirhy (Orc:2)
  6 sea snakes
  A deep troll (Snake:3)
  6 naga ritualists
  5 mana vipers
  17 harpies
  7 orc sorcerers
  5 orc knights
  19 manticores
  2 deep elf pyromancers
  3 ugly things
  3 cyclopes
  3 fauns
  17 salamanders
  14 naga magi
  22 black mambas
  9 merfolk sirens
  19 elephants
  4 guardian serpents (Snake:4)
  3 eyes of devastation
  4 shining eyes
  7 water nymphs
  2 gargoyles
  19 cane toads
  A smoke demon (Orc:2)
  2 torpor snails (Lair:5)
  2 unseen horrors
  14 komodo dragons
  Psyche (D:11)
  4 rime drakes
  2 freezing wraiths (D:11)
  2 kobold demonologists (D:12)
  A yaktaur (D:11)
  26 merfolk
  6 trolls
  A polar bear (Lair:2)
  Prince Ribbit (D:9)
  9 wind drakes
  48 slime creatures
  13 blink frogs
  11 snapping turtles
  14 dream sheep
  2 shadows (D:11)
  7 wyverns
  10 water elementals
  38 yaks
  6 wraiths
  2 vampires
  A golden eye (shapeshifter) (Snake:3)
  4 basilisks
  6 golden eyes (Slime:1)
  9 vampire mosquitoes
  Menkaure (D:7)
  17 water moccasins
  45 nagas
  An acid dragon (D:11)
  2 black bears
  29 orc warriors
  9 wolves
  7 centaurs
  9 ogres
  A phantom (D:4)
  3 kobold brigands
  21 bullfrogs
  3 gnoll sergeants
  3 scorpions
  A water moccasin skeleton (D:5)
  14 killer bees
  3 howler monkeys
  2 electric eels (D:12)
  5 centaur zombies
  7 hounds
  21 orc priests
  4 jellies
  2 bullfrog skeletons (D:5)
  Jessica (D:3)
  Terence (D:3)
  21 orc wizards
  4 iguanas
  A killer bee zombie (D:6)
  A hound skeleton (D:5)
  2 howler monkey zombies (D:9)
  10 gnolls
  7 adders
  3 river rats
  2 worms
  3 dart slugs
  69 orcs
  12 ball pythons
  7 endoplasms
  10 giant cockroaches
  11 goblins
  7 hobgoblins
  4 jackals (D:5)
  6 quokkas
  5 bats
  2 frilled lizards
  19 kobolds
  9 rats
1040 creatures vanquished.

Vanquished Creatures (collateral kills)
  A tengu warrior (D:11)
  A harpy (Shoals:4)
  An ugly thing (D:11)
  A manticore (D:11)
  A merfolk (Shoals:4)
  A troll (D:11)
  A kobold brigand (D:12)
7 creatures vanquished.

Vanquished Creatures (others)
  An azure jelly (Slime:5)
  2 two-headed ogres (D:11)
  An orc sorcerer (Orc:2)
  A manticore (Shoals:4)
  A centaur zombie (D:11)
  A vampire (D:11)
  51 fungi
  61 plants
119 creatures vanquished.

Grand Total: 1166 creatures vanquished

Notes
Turn   | Place    | Note
-------+----------+-------------------------------------------
     0 | D:1      | browni3141 the Kobold Artificer began the quest for the
                  | Orb.
     0 | D:1      | Reached XP level 1. HP: 12/12 MP: 1/1
    46 | D:1      | Found Rezxyasi's Distillery.
   266 | D:1      | Reached skill level 2 in Stealth
   271 | D:1      | Reached XP level 2. HP: 16/16 MP: 2/2
   646 | D:1      | Reached skill level 1 in Short Blades
   920 | D:1      | Found Itaimece's Antique Armour Emporium.
   930 | D:1      | Reached XP level 3. HP: 20/20 MP: 3/3
  1287 | D:1      | Reached skill level 3 in Stealth
  1641 | D:2      | Found a faded altar of an unknown god.
  1657 | D:2      | Found a blossoming altar of Fedhas.
  1692 | D:2      | Reached XP level 4. HP: 25/25 MP: 4/4
  2631 | D:3      | Found a glowing drain.
  2667 | D:3      | Reached skill level 4 in Stealth
  2828 | Sewer    | Entered a sewer
  2873 | Sewer    | Reached XP level 5. HP: 23/29 MP: 5/5
  2874 | Sewer    | Noticed a kobold brigand
  2877 | Sewer    | Killed a kobold brigand
  2878 | Sewer    | Reached skill level 5 in Evocations
  3328 | Sewer    | Reached XP level 6. HP: 34/34 MP: 6/6
  3553 | Sewer    | Reached skill level 5 in Stealth
  3725 | D:3      | Noticed Terence
  3731 | D:3      | Killed Terence
  3752 | D:3      | Noticed an ogre
  4053 | D:2      | Killed an ogre
  4054 | D:2      | Reached skill level 6 in Stealth
  4054 | D:2      | Reached XP level 7. HP: 34/38 MP: 7/7
  4243 | D:3      | Noticed Jessica
  4251 | D:3      | Killed Jessica
  4858 | D:4      | Found a shimmering altar of Xom.
  5175 | D:4      | Found a sparkling altar of Nemelex Xobeh.
  5203 | D:4      | Reached skill level 7 in Stealth
  5411 | D:4      | Found a shadowy altar of Dithmenos.
  5642 | D:4      | Reached XP level 8. HP: 31/43 MP: 8/8
  5752 | D:5      | Entered Level 5 of the Dungeon
  6280 | D:5      | Reached skill level 8 in Stealth
  6326 | D:5      | Reached skill level 5 in Short Blades
  6795 | D:5      | Noticed a wyvern
  6804 | D:5      | Killed a wyvern
  6805 | D:5      | Reached skill level 9 in Stealth
  7435 | D:5      | Reached XP level 9. HP: 31/47 MP: 9/9
  8037 | D:5      | HP: 1/47 [ogre (29)]
  8451 | D:5      | Reached skill level 10 in Stealth
  8511 | D:5      | You fall into a shaft and drop 1 floor!
  8799 | D:6      | Found a staircase to the Ecumenical Temple.
  8808 | Temple   | Entered the Ecumenical Temple
  8999 | Temple   | Became a worshipper of the Wu Jian Council
  9861 | D:6      | Reached skill level 11 in Stealth
 10268 | D:7      | Noticed Menkaure
 10287 | D:7      | Reached skill level 10 in Evocations
 10542 | D:7      | Noticed Joseph
 10899 | D:7      | Noticed Maggie
 10985 | D:7      | Killed Menkaure
 11374 | D:8      | Found Woha Gaf's Assorted Antiques.
 11382 | D:8      | Reached * piety under Wu Jian
 11420 | D:8      | Reached XP level 10. HP: 44/53 MP: 10/10
 11531 | D:8      | Bought a wand of flame (10) for 29 gold pieces
 11531 | D:8      | Bought a slimy brass ring for 145 gold pieces
 11531 | D:8      | Identified the ring "Posuqupn" {rElec Will+ Str+3 Slay+4}
                  | (You bought it in a shop on level 8 of the Dungeon)
 11771 | D:8      | Reached skill level 5 in Dodging
 11771 | D:8      | Reached skill level 12 in Stealth
 12139 | D:9      | Found a shimmering blue altar of Sif Muna.
 12252 | D:9      | Reached ** piety under Wu Jian
 12347 | D:9      | Noticed Erolcha
 12467 | D:9      | Noticed Prince Ribbit
 12481 | D:9      | Killed Prince Ribbit
 12492 | D:9      | Noticed Harold
 12510 | D:9      | Killed Harold
 12511 | D:9      | Reached skill level 13 in Stealth
 12888 | D:9      | Reached XP level 11. HP: 61/61 MP: 11/11
 13282 | D:10     | Entered Level 10 of the Dungeon
 13304 | D:10     | Noticed a two-headed ogre
 13330 | D:10     | Killed a two-headed ogre
 13331 | D:10     | Reached skill level 10 in Short Blades
 13842 | D:10     | Found a staircase to the Orcish Mines.
 14524 | D:10     | Learned a level 2 spell: Ensorcelled Hibernation
 14665 | D:11     | Noticed a manticore
 14671 | D:11     | Killed a manticore
 14722 | D:11     | Reached skill level 1 in Hexes
 14722 | D:11     | Reached skill level 1 in Ice Magic
 14809 | D:11     | Noticed a two-headed ogre
 14812 | D:11     | Killed a two-headed ogre
 14813 | D:11     | Reached skill level 14 in Stealth
 14859 | D:11     | Noticed a manticore
 14861 | D:11     | Killed a manticore
 15122 | D:11     | Noticed a two-headed ogre
 15130 | D:11     | Killed a two-headed ogre
 15132 | D:11     | Noticed a boulder beetle
 15356 | D:11     | Found a staircase to the Lair.
 15454 | D:11     | Noticed Psyche
 15539 | Lair:1   | Entered Level 1 of the Lair of Beasts
 15605 | D:11     | Reached XP level 12. HP: 56/67 MP: 12/12
 15670 | D:11     | Noticed a boulder beetle
 15696 | Lair:1   | Noticed a six-headed hydra
 15699 | Lair:1   | Killed a six-headed hydra
 16824 | Lair:1   | Reached skill level 5 in Ice Magic
 16984 | Lair:2   | Reached skill level 5 in Hexes
 17219 | Lair:2   | Reached skill level 15 in Stealth
 17304 | Lair:2   | Reached *** piety under Wu Jian
 17805 | Lair:2   | Noticed Erica
 17807 | Lair:2   | Killed Erica
 17808 | Lair:2   | Reached skill level 10 in Dodging
 18075 | Lair:2   | Reached XP level 13. HP: 71/72 MP: 13/13
 18120 | Lair:2   | Noticed Nergalle
 18145 | Lair:2   | Killed Nergalle
 18367 | Lair:2   | Reached skill level 16 in Stealth
 18466 | Lair:3   | Noticed a six-headed hydra
 18469 | Lair:3   | Killed a six-headed hydra
 18993 | Lair:3   | Noticed a catoblepas
 19012 | Lair:3   | Killed a catoblepas
 19157 | Lair:3   | Noticed a catoblepas
 19341 | Lair:4   | Found a staircase to the Snake Pit.
 19513 | Lair:3   | Reached skill level 17 in Stealth
 20002 | Lair:4   | Found a staircase to the Shoals.
 20022 | Lair:4   | Reached **** piety under Wu Jian
 20030 | Lair:4   | Noticed a five-headed hydra
 20268 | Lair:4   | Found the amulet of Vitality {Regen+ HP+15}
 20783 | Lair:4   | Killed a five-headed hydra
 20967 | Lair:5   | Reached XP level 14. HP: 76/76 MP: 14/14
 21143 | Lair:5   | Reached skill level 15 in Short Blades
 21152 | Lair:5   | Reached skill level 18 in Stealth
 22144 | Lair:6   | Entered Level 6 of the Lair of Beasts
 22790 | Lair:6   | Reached ***** piety under Wu Jian
 22801 | Lair:6   | Found a staircase to the Slime Pits.
 22801 | Lair:6   | Found a viscous altar of Jiyva.
 23129 | Lair:6   | Reached skill level 19 in Stealth
 24446 | D:12     | Reached XP level 15. HP: 80/80 MP: 15/15
 25894 | D:11     | Identified the +11 trident "Qalamoir" {vorpal, *Corrode rF+
                  | Int-5 Dex+8}
 25918 | D:11     | Noticed a storm dragon
 25949 | D:11     | Killed a storm dragon
 26071 | D:11     | Reached skill level 20 in Stealth
 26083 | D:11     | Reached skill level 15 in Dodging
 26630 | D:11     | Reached skill level 1 in Shields
 26900 | D:11     | Identified the ring of Inlaec {rF+ Str-4 Int+6 Dex+6
                  | Stlth+}
 27054 | D:11     | Identified 2 scrolls of acquirement
 27179 | D:11     | Killed Psyche
 27219 | D:11     | Acquired a +6 quick blade
 27223 | D:11     | Acquired a manual of Evocations
 27271 | Orc:1    | Entered Level 1 of the Orcish Mines
 27599 | Orc:2    | Entered Level 2 of the Orcish Mines
 27981 | Orc:2    | Reached skill level 5 in Fighting
 27996 | Orc:2    | Found Udoskef's General Store.
 27996 | Orc:2    | Found Soburoth's Magic Scroll Boutique.
 28103 | Orc:2    | Reached ****** piety under Wu Jian
 28203 | Orc:2    | Bought a potion of haste for 170 gold pieces
 28203 | Orc:2    | Bought a potion of magic for 136 gold pieces
 28205 | Orc:2    | Bought a scroll of identify for 26 gold pieces
 28205 | Orc:2    | Bought a scroll of fear for 45 gold pieces
 28205 | Orc:2    | Bought a scroll of identify for 26 gold pieces
 28205 | Orc:2    | Bought 2 scrolls of teleportation for 78 gold pieces
 28205 | Orc:2    | Bought a scroll of identify for 26 gold pieces
 28205 | Orc:2    | Bought 2 scrolls of fear for 91 gold pieces
 28205 | Orc:2    | Bought a scroll of enchant armour for 97 gold pieces
 29115 | Orc:2    | Reached XP level 16. HP: 88/88 MP: 16/16
 29683 | Orc:2    | Found Rerasont's Antique Armour Emporium.
 29683 | Orc:2    | Found Qiej's Jewellery Shoppe.
 29684 | Orc:2    | Found a one-way gate leading to the halls of Pandemonium.
 29756 | Orc:2    | Found a staircase to the Elven Halls.
 30155 | Orc:1    | Noticed Josephine
 30291 | Orc:2    | Killed Josephine
 30626 | Snake:1  | Entered Level 1 of the Snake Pit
 30920 | Snake:1  | Noticed Donald
 30921 | Snake:1  | Killed Donald
 31646 | Snake:1  | Found Yssi's General Store.
 31727 | Snake:1  | Bought a scroll of identify for 28 gold pieces
 31727 | Snake:1  | Bought a +1 cloak of stealth for 231 gold pieces
 31727 | Snake:1  | Bought a potion of lignification for 42 gold pieces
 31734 | Snake:1  | Reached skill level 21 in Stealth
 31734 | Snake:1  | Reached skill level 5 in Shields
 31734 | Snake:1  | Reached XP level 17. HP: 97/97 MP: 17/17
 32711 | Snake:2  | Acquired 438 gold pieces
 32741 | Snake:2  | Reached skill level 15 in Evocations
 33226 | Snake:3  | Reached XP level 18. HP: 106/106 MP: 7/18
 33404 | Snake:3  | Reached skill level 10 in Fighting
 33456 | Snake:3  | Noticed Roxanne
 33816 | Snake:3  | Found Gotwo's Weapon Shoppe.
 33908 | Snake:3  | Found Tudil's One-of-a-Kind Rings.
 34014 | Snake:3  | Reached skill level 22 in Stealth
 34877 | Snake:3  | Killed Roxanne
 34906 | Snake:4  | Entered Level 4 of the Snake Pit
 35475 | Snake:4  | Noticed Aizul
 35501 | Snake:4  | Noticed Mara
 35616 | Snake:4  | Found a stormy altar of Qazlal.
 35676 | Snake:4  | Killed Aizul
 36055 | Snake:4  | Reached XP level 19. HP: 116/117 MP: 9/19
 36276 | Snake:4  | Killed Mara
 36919 | Snake:4  | Got a serpentine rune of Zot
 37110 | Shoals:1 | Entered Level 1 of the Shoals
 37320 | Shoals:2 | Learned a level 4 spell: Petrify
 37323 | Shoals:2 | Noticed Ilsuiw
 37391 | Shoals:2 | Killed Ilsuiw
 37489 | Shoals:3 | Found Viurim's Book Shop.
 37493 | Shoals:3 | Bought a book of Debilitation for 320 gold pieces
 37495 | Shoals:3 | Learned a level 1 spell: Slow
 37499 | Shoals:3 | Learned a level 3 spell: Confusing Touch
 37607 | Shoals:3 | Found Denlan's General Store.
 37609 | Shoals:3 | Bought a scroll of teleportation for 45 gold pieces
 37609 | Shoals:3 | Bought a scroll of teleportation for 45 gold pieces
 37609 | Shoals:3 | Bought a wand of mindburst (5) for 135 gold pieces
 37609 | Shoals:3 | Bought a scroll of identify for 30 gold pieces
 37609 | Shoals:3 | Bought a potion of lignification for 45 gold pieces
 38216 | Shoals:3 | Noticed Mlioglotl
 38217 | Shoals:3 | Killed Mlioglotl
 38329 | Shoals:4 | Entered Level 4 of the Shoals
 38937 | Shoals:4 | Got Iteiduikk's Volume of Torrid Enchantment
 39059 | Shoals:4 | Got the Compendium of Creative Poison
 39102 | Shoals:4 | Reached skill level 23 in Stealth
 39317 | Shoals:4 | Got the Reference Book on Entrancing Dislocation
 39400 | Shoals:4 | Learned a level 2 spell: Blink
 39510 | Shoals:4 | Got a barnacled rune of Zot
 39911 | Shoals:2 | Reached XP level 20. HP: 127/127 MP: 20/20
 39919 | Shoals:2 | Reached skill level 1 in Translocations
 41520 | Slime:1  | Entered Level 1 of the Pits of Slime
 41874 | Slime:5  | Entered Level 5 of the Pits of Slime
 42060 | Slime:5  | HP: 6/143 [something (7)]
 42242 | Slime:3  | Gained mutation: Your body sometimes deteriorates upon
                  | taking damage. [a shining eye]
 42475 | Slime:5  | Found the ring of Shadows {Umbra +Inv Stlth+}
 42477 | Slime:5  | Noticed the Royal Jelly
 42478 | Slime:5  | Found a viscous altar of Jiyva.
 42478 | Slime:5  | Killed the Royal Jelly
 42959 | Slime:5  | Reached skill level 5 in Translocations
 42970 | Slime:5  | HP: 7/143 [azure jelly (23)]
 42971 | Slime:5  | Reached skill level 15 in Fighting
 42987 | Slime:5  | Slain by an azure jelly

Illustrated notes

Levels and vault maps discovered:
D:1:      amcnicky_arrival_double_pillar, layout_basic, serial_shops, shop, shop
D:2:      layout_basic, basic_altar, hellmonk_ecumenical_altar_heavens_door,
          patterned_corridor
D:3:      minmay_wonky_spiral, layout_basic, gup_sewer_entry_bubbles,
          uniq_jessica, uniq_terence
D:4:      layout_gridville, mainiacjoe_overflow_concentric_impassable,
          mainiacjoe_overflow_24_doors, nemelex_spade_bored_becter,
          hangedman_minor_gate_pass
D:5:      layout_basic, mainiacjoe_overflow_alcove_1, minmay_joined_circles
D:6:      layout_basic, minmay_temple_entry_overgrown, corexii_corridor_pit,
          nicolae_elevator_lobby_asterisk
D:7:      layout_loops_cross, makhleb_heckhound_becter, uniq_maggie,
          uniq_menkaure, uniq_pikel, uniq_joseph
D:8:      layout_rooms, serial_shops, nicolae_stop_n_shop_1,
          minmay_misc_feat_nine_boxes
D:9:      layout_small_grid, nicolae_sif_muna_condensation, grunt_decor_cap,
          uniq_harold, uniq_erolcha, uniq_prince_ribbit1
D:10:     layout_big_octagon, orc_0_dummy
D:11:     minmay_the_grid_square_5x5_5x5_mashed
          [minmay_the_grid_square_5x5_hourglass,
          minmay_the_grid_square_5x5_bite,
          minmay_the_grid_square_5x5_three_small,
          minmay_the_grid_square_5x5_forky, minmay_the_grid_square_5x5_inner_z,
          minmay_the_grid_square_5x5_bridge,
          minmay_the_grid_square_5x5_prize_deathbox,
          minmay_the_grid_square_5x5_eight_small,
          minmay_the_grid_square_5x5_prize_open,
          minmay_the_grid_square_5x5_six_small,
          minmay_the_grid_square_5x5_two_walls_b,
          minmay_the_grid_square_5x5_spiral,
          minmay_the_grid_square_5x5_prize_junk,
          minmay_the_grid_square_5x5_half_checkered,
          minmay_the_grid_square_5x5_checkered_sparse,
          minmay_the_grid_square_5x5_n_small,
          minmay_the_grid_square_5x5_prize_pseudospiral,
          minmay_the_grid_square_5x5_shrine1,
          minmay_the_grid_square_5x5_prize_monsterx,
          minmay_the_grid_square_5x5_inner_i,
          minmay_the_grid_square_5x5_shrine2,
          minmay_the_grid_square_5x5_longway,
          minmay_the_grid_square_5x5_inner_v,
          minmay_the_grid_square_5x5_bracketed, minmay_the_grid_square_5x5_v],
          layout_gridville, uniq_psyche
D:12:     layout_basic, nrook_loot_triangle
Temple:   lightli_temple_of_artemis
Lair:1:   layout_loops_ring, beast_lair_carwin_9, serial_bayou_shore_a
Lair:2:   layout_cave_pods, grunt_megastairs_1, uniq_erica, uniq_nergalle
Lair:3:   layout_gridlike, grunt_megastairs_5, lemuel_fruit_fields
Lair:4:   hellmonk_destroyed_diamonds, layout_small_grid,
          minmay_shoals_entry_centaurs, guppyfry_snake_entry_island
Lair:5:   layout_regular_city, beast_lair_carwin_5
Lair:6:   cheibrodos_lair_end_hotspot, layout_regular_city, slime_altar_1
Shoals:1: layout_shoals, ldierk_geyser
Shoals:2: layout_shoals, uniq_ilsuiw
Shoals:3: layout_shoals, serial_shops, nicolae_shop_hallway_stairs,
          nicolae_shoals_c_island, uniq_mlioglotl
Shoals:4: shoals_end_grunt_ice, layout_shoals, kb_tengu_band
Snake:1:  layout_cave_pods, serial_shops, nicolae_shop_crystal,
          nicolae_snake_double_loop, uniq_donald
Snake:2:  layout_rooms
Snake:3:  layout_misc_corridors, serial_shops, nicolae_shop_hallway_plus,
          nicolae_shop_unique_rings, nicolae_snake_gridmaze_zigzag, uniq_roxanne
Snake:4:  grunt_snake_rune_serpentine_throne, layout_onion, basic_altar,
          st_stairs_3, minmay_snake_pond, uniq_aizul, uniq_mara
Slime:1:  layout_caves
Slime:2:  layout_caves
Slime:3:  layout_caves
Slime:4:  layout_caves
Slime:5
Orc:1:    layout_caves, uniq_josephine
Orc:2:    pf_orc_diabolical, layout_diamond_mine, minmay_orc_temple_b

Skill      XL: |  1  2  3  4  5  6  7  8  9 10 11 12 13 14 15 16 17 18 19 20 |
---------------+-------------------------------------------------------------+-----
Stealth        | 2 3 4 6 7 9 11 13 14 15 17 19 20 21 22 23 | 23.5
Evocations     | 4 5 6 7 8 10 11 13 15 17 19 20 | 20.0
Short Blades   | 1 2 3 4 5 7 9 11 12 14 16 17 18 | 18.0
Dodging        | 3 6 8 10 12 14 15 16 17 18 | 18.5
Fighting       | 2 4 5 8 9 12 14 15 | 15.0
Hexes          | 3 5 6 8 |  8.5
Ice Magic      | 3 5 |  5.0
Shields        | 3 5 |  5.6
Translocations | 5 |  5.0
Armour         | |  0.7

Action                   |  1- 3 |  4- 6 |  7- 9 | 10-12 | 13-15 | 16-18 | 19-21 || total
-------------------------+-------+-------+-------+-------+-------+-------+-------++-------
Melee: Short sword       |    59 |   113 |   327 |   327 |   871 |       |       ||  1697
       Club              |     8 |       |       |       |       |       |       ||     8
       Dagger            |    15 |       |       |       |       |       |       ||    15
       Quick blade       |       |       |       |       |   230 |   856 |  1257 ||  2343
Throw: Dart              |       |    22 |    15 |     3 |       |       |       ||    40
 Cast: Ensorcelled Hiber |       |       |       |    10 |   185 |   207 |   134 ||   536
       Confusing Touch   |       |       |       |       |       |       |     2 ||     2
Invok: Lunge             |       |       |    12 |    52 |   115 |    71 |    99 ||   349
       Whirlwind         |       |       |       |    12 |   138 |    86 |   193 ||   429
       Serpent's Lash    |       |       |       |       |     8 |     8 |    11 ||    27
 Abil: Wall Jump         |       |       |       |     8 |    28 |    19 |     9 ||    64
Evoke: Wand              |     4 |    15 |     7 |    22 |    44 |     9 |     8 ||   109
       Piece from Xom's  |       |     1 |    19 |    10 |     5 |     5 |       ||    40
       Lightning rod     |       |       |       |       |    13 |     5 |     4 ||    22
       Tin of tremorston |       |       |       |       |     5 |     1 |     6 ||    12
  Use: Potion            |       |     3 |       |       |     1 |     2 |    17 ||    23
       Scroll            |       |     3 |       |       |    17 |    17 |    18 ||    55
 Stab: Sleeping          |    12 |    14 |    24 |    65 |   144 |   117 |   108 ||   484
       Confused          |       |       |     2 |     2 |       |     8 |    17 ||    29
       Petrifying        |       |       |     3 |       |       |       |     1 ||     4
       Distracted        |       |       |     3 |     3 |    34 |    15 |    16 ||    71
       Paralysed         |       |       |     1 |     1 |       |       |     2 ||     4
       Betrayed ally     |       |       |       |     1 |     4 |       |       ||     5
Armor: Leather armour    |     9 |    18 |    41 |       |       |       |       ||    68
       Ring mail         |       |       |     4 |    48 |   137 |       |       ||   189
       Robe              |       |       |       |       |     4 |    42 |    62 ||   108
Dodge: Dodged            |    57 |    72 |   197 |   162 |   771 |   444 |   527 ||  2230
Block: Other             |       |       |       |       |     2 |       |       ||     2
       Buckler           |       |       |       |       |    48 |   220 |   240 ||   508
       Reflection        |       |       |       |       |     3 |    33 |    17 ||    53

Table legend: (Time is in decaauts)
 A = Elapsed time spent in this place.
 B = Non-inter-level travel time spent in this place.
 C = Inter-level travel time spent in this place.
 D = Time resting spent in this place.
 E = Time spent auto-exploring this place.
 F = Levels seen in this place.
 G = Mean time per level.
                   A        B        C        D        E       F      G
               +--------+--------+--------+--------+--------+-----+--------+
         Total |  42773 |  41072 |   1701 |   6423 |  25514 |  35 | 1222.1 |
       Dungeon |  17370 |  16629 |    741 |   2297 |  10948 |  12 | 1447.5 |
        Temple |    350 |    293 |     57 |    145 |    125 |   1 |  350.0 |
          Lair |   8815 |   8381 |    434 |   1103 |   5533 |   6 | 1469.2 |
        Shoals |   4649 |   4498 |    151 |    371 |   3114 |   4 | 1162.2 |
     Snake Pit |   6273 |   6112 |    161 |   1054 |   3717 |   4 | 1568.2 |
    Slime Pits |   1431 |   1431 |      0 |    806 |     65 |   5 |  286.2 |
  Orcish Mines |   3068 |   2912 |    156 |    465 |   1555 |   2 | 1534.0 |
         Sewer |    814 |    814 |      0 |    181 |    455 |   1 |  814.0 |
               +--------+--------+--------+--------+--------+-----+--------+

Top non-repeatable levels by time:
   Orc:2: 2554 daAuts
    D:11: 2356 daAuts
     D:6: 2075 daAuts
     D:4: 2017 daAuts
 Snake:4: 1917 daAuts
 Snake:3: 1806 daAuts
     D:5: 1712 daAuts
  Lair:1: 1653 daAuts
  Lair:2: 1601 daAuts
    D:12: 1578 daAuts
  Lair:5: 1571 daAuts
 Snake:1: 1568 daAuts
  Lair:4: 1525 daAuts
     D:2: 1410 daAuts
Shoals:4: 1390 daAuts
